 Dungeon Crawl Stone Soup version 0.26-a0-79-g47e9afce7f (webtiles) character file.

Game seed: 8685701773568929174

132052 vurker the Warrior (level 17, -2/144 HPs)
             Began as a Formicid Arcane Marksman on June 15, 2020.
             Was a High Priest of Okawaru.
             Killed by angry trees
             ... awakened by a spriggan druid
              (11 damage)
             ... on level 4 of the Swamp.
             The game lasted 01:05:04 (38574 turns).

vurker the Warrior (Formicid Arcane Marksman)      Turns: 38574, Time: 01:05:05

Health: -2/144     AC: 40    Str: 20    XL:     17   Next: 68%
Magic:  21/23      EV: 12    Int: 14    God:    Okawaru [*****.]
Gold:   1837       SH: 11    Dex: 11    Spells: 18/18 levels left

rFire    + . .     SeeInvis +   p - +2 executioner's axe (flame)
rCold    + . .     Gourm    .   S - +0 kite shield {AC+3}
rNeg     . . .     Faith    .   r - +9 plate armour "Fuumag" {rPois rF+}
rPois    +         Spirit   .   (helmet unavailable)
rElec    .         Reflect  .   N - +2 cloak {Stlth+}
rCorr    .         Harm     .   M - +3 pair of gauntlets of War {Slay+5}
MR       +++..                  Q - +0 pair of boots
Stlth    ..........             P - necklace of Bloodlust {*Rage +Rage MR++ Int-3 Slay+6 *Curse} (curse)
HPRegen  0.34/turn              q - ring of protection from cold
MPRegen  0.18/turn              f - +4 ring of slaying

@: mighty, heroism
A: permanent stasis, dig shafts and tunnels, four strong arms, antennae 3,
clever 1, wild magic 1
a: Dig, Shaft Self, Heroism, Finesse, Renounce Religion


You were on level 4 of the Swamp.
You worshipped Okawaru.
Okawaru was extremely pleased with you.
You were not hungry.

You visited 5 branches of the dungeon, and saw 28 of its levels.
You also visited: Gauntlet.

You collected 2544 gold pieces.
You spent 707 gold pieces at shops.

Inventory:

Hand Weapons
 a - a +0 arbalest
   (You bought it in a shop on level 2 of the Orcish Mines)
 b - a +4 demon trident of electrocution
   (You found it on level 2 of the Lair of Beasts)
 p - a +2 executioner's axe of flaming (weapon)
   (You acquired it on level 2 of the Swamp)
Missiles
 s - a throwing net (quivered)
 B - 392 bolts
Armour
 r - the +9 plate armour "Fuumag" (worn) {rPois rF+}
   (You found it on level 7 of the Dungeon)

   It protects you from fire.
   It protects you from poison.
 M - the +3 pair of gauntlets of War (worn) {Slay+5}
   (You found it on level 6 of the Lair of Beasts)

   It affects your accuracy and damage with ranged weapons and melee attacks
   (+5).
 N - a +2 cloak of stealth (worn)
   (You took it off Nikola on level 1 of the Swamp)
 Q - a +0 pair of boots (worn)
   (You found it on level 1 of the Swamp)
 S - a +0 kite shield of protection (worn)
   (Okawaru gifted it to you on level 4 of the Swamp)
Jewellery
 f - a +4 ring of slaying (right hand)
   (You found it on level 12 of the Dungeon)
 q - a ring of protection from cold (left hand)
   (You found it on level 6 of the Dungeon)
 z - an uncursed ring of positive energy
   (You found it on level 14 of the Dungeon)
 D - an uncursed ring of resist corrosion
   (You found it on level 12 of the Dungeon)
 J - an uncursed ring of protection from magic
   (You found it on level 5 of the Lair of Beasts)
 P - the cursed necklace of Bloodlust (around neck) {*Rage +Rage MR++ Int-3 Slay+6 *Curse}
   (You took it off a minotaur in a Gauntlet)

   [amulet of nothing]

   It affects your intelligence (-3).
   It affects your accuracy and damage with ranged weapons and melee attacks
   (+6).
   It affects your resistance to hostile enchantments.
   It lets you go berserk.
   It may make you go berserk in combat.
   It curses itself when equipped.
   It has a curse placed upon it.
 V - an uncursed ring of protection from fire
   (You found it in a Gauntlet)
Wands
 c - a wand of disintegration (28)
   (You found it on level 3 of the Lair of Beasts)
 d - a wand of iceblast (19)
   (You found it on level 12 of the Dungeon)
 m - a wand of enslavement (7)
   (You took it off a gnoll on level 6 of the Dungeon)
 t - a wand of flame (14)
   (You found it in a Gauntlet)
 u - a wand of paralysis (25)
   (You found it on level 6 of the Lair of Beasts)
 v - a wand of digging (8)
   (You took it off Sigmund on level 4 of the Dungeon)
 x - a wand of acid (14)
   (You found it on level 12 of the Dungeon)
 y - a wand of clouds (8)
   (You took it off Pikel on level 9 of the Dungeon)
 C - a wand of polymorph (10)
   (You found it on level 11 of the Dungeon)
Scrolls
 l - 8 scrolls of remove curse
 A - a scroll of silence
 E - a scroll of identify
 G - 5 scrolls of enchant armour
 I - 2 scrolls of magic mapping
 K - 4 scrolls of enchant weapon
Potions
 g - 2 potions of heal wounds
 h - 2 potions of invisibility
 i - 10 potions of curing
 j - 3 potions of lignification
 k - 4 potions of mutation
 n - 2 potions of ambrosia
 o - 5 potions of might
 w - a potion of resistance
 H - 6 potions of flight
 L - a potion of magic
 O - a potion of cancellation
Miscellaneous
 F - a tin of tremorstones (3/3)
   (You found it on level 1 of the Lair of Beasts)
 R - a phantom mirror
Comestibles
 e - 45 rations


   Skills:
 + Level 15.9(20.9) Fighting
 * Level 10.0(17.7) Axes
 - Level 13.0(19.2) Polearms
 * Level 13.0(18.0) Crossbows
 + Level 12.5(17.5) Armour
 + Level 8.7(13.7) Dodging
 + Level 3.2(8.2) Shields
 - Level 1.1 Spellcasting
   Level 3.6 Hexes
 - Level 8.0 Invocations


You had 18 spell levels left.
You didn't know any spells.
Your spell library contained the following spells:

 Spells                   Type           Power        Failure   Level  Hunger
 Corona                   Hex            ##.....      63%         1    ##.....
 Slow                     Hex            ##......     77%         2    ###....
 Confusing Touch          Hex            ##......     93%         3    ####...
 Tukima's Dance           Hex            ##......     93%         3    ####...
 Ensorcelled Hibernation  Hex/Ice        #.....       94%         2    ###....
 Animate Skeleton         Necr           N/A          98%         1    ##.....
 Apportation              Tloc           #.....       98%         1    ##.....
 Freeze                   Ice            #...         98%         1    ##.....
 Pain                     Necr           #...         98%         1    ##.....
 Sting                    Tmut/Pois      #...         98%         1    ##.....
 Summon Small Mammal      Summ           #...         98%         1    ##.....
 Corpse Rot               Necr/Air       N/A          99%         2    ###....
 Poisonous Vapours        Pois/Air       #.....       99%         2    ###....
 Shroud of Golubria       Chrm/Tloc      #.....       99%         2    ###....
 Sublimation of Blood     Necr           #.........   99%         2    ###....
 Dazzling Flash           Conj/Hex       #.....       99%         3    ####...
 Inner Flame              Hex/Fire       #.......     99%         3    ####...
 Portal Projectile        Hex/Tloc       #.....       99%         3    ####...
 Call Canine Familiar     Summ           #.......     100%        3    ####...
 Conjure Flame            Conj/Fire      #.......     100%        3    ####...
 Frozen Ramparts          Ice            #.....       100%        3    ####...
 Ignite Poison            Fire/Tmut/Pois #.......     100%        3    ####...
 Mephitic Cloud           Conj/Pois/Air  #.......     100%        3    ####...
 Ozocubu's Armour         Chrm/Ice       #.......     100%        3    ####...
 Vampiric Draining        Necr           #.........   100%        3    ####...
 Animate Dead             Necr           N/A          100%        4    #####..
 Cause Fear               Hex            ##........   100%        4    #####..
 Dispel Undead            Necr           #.......     100%        4    #####..
 Hailstorm                Conj/Ice       #.......     100%        4    #####..
 Leda's Liquefaction      Hex/Erth       #.........   100%        4    #####..
 Olgreb's Toxic Radiance  Pois           #.......     100%        4    #####..
 Passage of Golubria      Tloc           N/A          100%        4    #####..
 Summon Ice Beast         Ice/Summ       #.......     100%        4    #####..
 Agony                    Necr           #.......     100%        5    ######.
 Bolt of Magma            Conj/Fire/Erth #.........   100%        5    ######.
 Excruciating Wounds      Chrm/Necr      #.........   100%        5    ######.
 Iskenderun's Battlesphe  Conj/Chrm      #.......     100%        5    ######.
 Freezing Cloud           Conj/Ice/Air   #.........   100%        6    #######
 Iron Shot                Conj/Erth      #.........   100%        6    #######
 Orb of Destruction       Conj           #.........   100%        7    #######
 Ring of Flames           Chrm/Fire      #.........   100%        7    #######
 Spellforged Servitor     Conj/Summ      #.........   100%        7    #######


Dungeon Overview and Level Annotations

Branches:
Dungeon (15/15)            Temple (1/1) D:4            Lair (6/6) D:9
  Swamp (4/4) Lair:2        Snake (0/4) Lair:2        Slime (0/5) Lair:5
    Orc (2/2) D:9             Elf (0/3) Orc:2        Vaults (0/5) D:14
 Depths (0/5) D:15        Gauntlet (visited)

Altars:
Ashenzari
Cheibriados
Dithmenos
Elyvilon
Fedhas
Gozag
Hepliaklqana
Kikubaaqudgha
Makhleb
Nemelex Xobeh
Okawaru
Qazlal
Ru
Sif Muna
Trog
Uskayaw
Vehumet
Wu Jian
Xom
Yredelemnul
Zin
The Shining One
Beogh

Shops:
D:10 ?   Orc:2 (!!}(

Portals:
Trove: D:13 (give +4 demon blade)

Annotations:
D:10 2 transporters, Vuvit's ghost, amateur FoAK
Lair:1 3 runed translucent doors, sobakacece's ghost, journeyman SpEn
Lair:3 3 runed translucent doors, Thantalas's ghost, journeyman DsFi; bmj180's ghost, journeyman DrCj


Innate Abilities, Weirdness & Mutations

You cannot be hasted, slowed, berserked, paralysed or teleported.
You can dig through walls and to a lower floor.
Your four strong arms can wield two-handed weapons with a shield.
You have a pair of large antennae on your head. (SInv)
Your mind is acute. (Int +2)
Your spells are a little harder to cast, but a little more powerful.


Message History

The swamp dragon seems to grow more fierce.
You kill the spriggan druid!
Okawaru accepts your kill.
You slash the swamp dragon! You burn the swamp dragon.
You slice the swamp dragon!! You burn the swamp dragon!
A root smacks you from below.
* * * LOW HITPOINT WARNING * * *
You block the swamp dragon's attack. The swamp dragon claws you.
* * * LOW HITPOINT WARNING * * *
You block the swamp dragon's attack.
The spriggan druid calls out to the beasts of the wild!
You slice the swamp dragon like a ripe choko!!!
You burn the swamp dragon.
You kill the swamp dragon!
Okawaru accepts your kill.
Your base Axes skill increases to level 10!
Your hands slow down.
The spriggan druid casts a spell at you.
The stone arrow hits you!
* * * LOW HITPOINT WARNING * * *
You slice the spriggan!! You burn the spriggan.
You kill the spriggan!
Okawaru accepts your kill. A root lunges up near you.
Trunks creak and shift.
A tree reaches out and hits you!
* * * LOW HITPOINT WARNING * * *
A spriggan comes into view. It is wielding a +0 dagger.
The spriggan druid gestures at you while chanting.
You block the stone arrow.
You feel much better.
The trees move their gnarly branches around.
A root smacks you from below!
* * * LOW HITPOINT WARNING * * *
You block the swamp drake's attack.
A seven-headed hydra comes into view.
The five-headed hydra misses you.
The five-headed hydra bites you but does no damage. x2
The five-headed hydra bites you!
* * * LOW HITPOINT WARNING * * *
The five-headed hydra misses you.
The seven-headed hydra roars!
You hack one of the five-headed hydra's heads off!
The flame cauterises the wound!
You slash the four-headed hydra! You burn the four-headed hydra.
You closely miss the swamp drake.
You open the shambling mangrove like a pillowcase!!!
You burn the shambling mangrove!
You hear a roar!
You hear a deafening roar!
A root smacks you from below!
You die...

≈≈ ♣♣♣ ♣♣ ♣♣♣♣..≈♣ ♣
≈≈≈♣♣.≈♣♣ ♣☼♣♣.≈≈≈.≈♣♣.
≈≈.≈.≈≈≈♣♣ ♣♣♣
♣♣..≈≈)))≈≈.≈
♣≈.≈≈≈.♣♣♣≈♣♣♣).)..≈÷÷≈.)≈
♣≈i≈≈.♣♣..††)..♣♣.[...≈.♣
♣♣♣♣≈..i≈≈≈§♣♣♣♣♣♣♣♣..♣♣♣
♣≈≈f≈≈≈)n♣♣ ♣........
♣≈≈≈ifDk.♣♣♣{..........
♣§≈<..@≈♣°♣..[.......##
♣♣≈♣♣..♣.≈♣...####...#
♣♣♣≈.≈♣○≈♣.. #...+
♣..D♣♣○♣♣. +...# ♣..≈≈≈°≈
#...# ♣♣≈≈≈≈§. #..=.
♣≈≈≈..≈♣ ♣≈≈.♣♣


You could see a thorn hunter, a shambling mangrove, a seven-headed hydra, a
four-headed hydra (strong), a spriggan druid, a bog body, a swamp drake (strong)
and 2 spriggans.

Vanquished Creatures
  Nikola (Swamp:1)
  Rupert (D:13)
  A thorn hunter (Swamp:3)
  An orc warlord (Orc:1)
  An ironheart preserver (D:14)
  A minotaur (Gauntlet)
  An ettin (D:15)
  A blizzard demon (Gauntlet)
  Erolcha (Orc:2)
  A yaktaur captain (D:13)
  A merfolk avatar (Lair:6)
  22 hydras
  A ghost crab (Swamp:4)
  8 two-headed ogres
  3 centaur warriors
  2 death knights
  13 alligators
  A tengu warrior (D:14)
  5 ogre magi
  Urug (Lair:6)
  Nergalle (Orc:2)
  2 unseen horrors
  A sea snake (Lair:5)
  5 spriggan druids
  A deep troll (D:15)
  A lindwurm (Lair:6)
  7 swamp dragons
  A wolf spider zombie (D:15)
  Pikel (D:9)
  An orc knight (D:15)
  A harpy (Lair:6)
  4 oklob plants (Lair:2)
  An orb spider (shapeshifter) (D:15)
  An ugly thing (D:12)
  8 orc sorcerers
  4 cyclopes
  A deep elf mage (D:13)
  2 manticores
  12 elephants
  A centaur zombie (D:15)
  4 black mambas
  A torpor snail (Lair:5)
  Psyche (D:8)
  13 spiny frogs
  An efreet (D:15)
  6 rime drakes (Lair:6)
  4 gargoyles
  4 kobold demonologists (D:15)
  11 komodo dragons
  A yaktaur (D:13)
  A queen bee (Lair:3)
  2 wind drakes (Lair:6)
  7 polar bears
  9 tyrant leeches
  3 trolls
  12 blink frogs
  Grinder (D:4)
  8 hornets
  20 slime creatures
  11 hippogriffs
  A meliai zombie (D:14)
  8 bog bodies
  Sigmund (D:4)
  3 wyverns
  2 large abominations (Gauntlet)
  8 spriggans
  4 shadows
  A wraith (D:12)
  Eustachio (D:5)
  4 basilisks
  36 yaks
  2 hungry ghosts
  18 vampire mosquitoes
  A steam dragon (Lair:6)
  15 swamp worms
  3 nagas (Lair:2)
  2 soldier ants
  8 water moccasins
  4 wargs
  2 acid dragons
  4 insubstantial wisps (Swamp:3)
  6 porcupines
  3 ice beasts
  5 sky beasts
  20 orc warriors
  9 swamp drakes
  A black bear (D:11)
  3 phantoms
  7 ogres
  3 centaurs
  15 crocodiles
  4 big kobolds
  10 bullfrogs
  3 wyvern zombies
  3 small abominations (Gauntlet)
  2 scorpions (D:4)
  19 wights
  32 killer bees
  6 electric eels
  10 crimson imps
  17 orc priests
  4 jellies
  32 orc wizards
  9 centaur skeletons
  A gnoll shaman (D:6)
  2 hounds
  A bullfrog skeleton (D:5)
  4 iguanas
  Natasha (thrice) (D:4)
  10 worker ants
  A hound zombie (D:4)
  A hound skeleton (D:3)
  A worker ant zombie (D:6)
  A howler monkey skeleton (D:10)
  3 gnolls (D:6)
  11 adders
  7 oozes
  2 adder zombies
  An adder skeleton (D:5)
  5 worms
  8 dart slugs
  2 leopard geckos
  80 orcs
  7 giant cockroaches
  8 goblins
  4 hobgoblins
  10 jackals
  4 quokkas
  15 bats
  5 frilled lizards
  A jackal skeleton (D:4)
  16 kobolds
  A leopard gecko skeleton (D:4)
  A leopard gecko zombie (D:7)
  A quokka zombie (D:6)
  24 rats
  A fungus (Lair:2)
836 creatures vanquished.

Vanquished Creatures (others)
  2 unseen horrors
  A spiny frog (Lair:6)
  A hornet (Swamp:4)
  A tyrant leech (Swamp:1)
  2 spriggans (Swamp:4)
  A swamp worm (Swamp:1)
  2 gnolls (D:6)
  5 fungi
  10 plants
  4 withered plants (Lair:3)
29 creatures vanquished.

Grand Total: 865 creatures vanquished

Notes
Turn   | Place    | Note
-------+----------+-------------------------------------------
     0 | D:1      | vurker the Formicid Arcane Marksman began the quest for the
                  | Orb.
     0 | D:1      | Reached XP level 1. HP: 15/15 MP: 2/2
   159 | D:1      | Reached XP level 2. HP: 21/21 MP: 3/3
  1015 | D:1      | Reached XP level 3. HP: 27/27 MP: 4/4
  1396 | D:2      | Reached skill level 2 in Fighting
  2105 | D:2      | Reached XP level 4. HP: 31/33 MP: 5/5
  2457 | D:2      | Found a snail-covered altar of Cheibriados.
  3370 | D:3      | Reached XP level 5. HP: 17/40 MP: 1/6
  3711 | D:3      | Reached skill level 3 in Fighting
  4088 | D:3      | Found a bloodstained altar of Trog.
  4088 | D:3      | Found a shadowy altar of Dithmenos.
  4893 | D:4      | Reached XP level 6. HP: 46/47 MP: 3/7
  4960 | D:4      | Found a staircase to the Ecumenical Temple.
  5037 | Temple   | Entered the Ecumenical Temple
  5119 | Temple   | Became a worshipper of Warmaster Okawaru
  5162 | D:4      | Reached skill level 5 in Crossbows
  5405 | D:4      | Noticed Natasha
  5410 | D:4      | Reached skill level 1 in Armour
  5430 | D:4      | Killed Natasha
  5661 | D:4      | Reached skill level 1 in Invocations
  5661 | D:4      | Reached XP level 7. HP: 42/53 MP: 8/8
  5766 | D:4      | Noticed Sigmund
  5778 | D:4      | Killed Sigmund
  5778 | D:4      | Reached * piety under Okawaru
  5778 | D:4      | Reached skill level 4 in Fighting
  5778 | D:4      | Reached skill level 1 in Axes
  6210 | D:4      | Noticed Natasha
  6214 | D:4      | Killed Natasha
  6309 | D:4      | Noticed Grinder
  6320 | D:4      | Reached XP level 8. HP: 51/60 MP: 7/9
  6334 | D:4      | Killed Grinder
  6532 | D:4      | Noticed Natasha
  6547 | D:4      | Killed Natasha
  6703 | D:5      | Entered Level 5 of the Dungeon
  6762 | D:5      | Reached ** piety under Okawaru
  7151 | D:5      | Noticed Eustachio
  7170 | D:5      | Killed Eustachio
  7170 | D:5      | Reached skill level 5 in Fighting
  7170 | D:5      | Reached XP level 9. HP: 35/68 MP: 11/11
  9466 | D:6      | Identified the +7 chain mail "Diezejot" {rC++ Slay+2}
 10150 | D:7      | Reached *** piety under Okawaru
 10185 | D:7      | Found a blossoming altar of Fedhas.
 10186 | D:7      | Found a sacrificial altar of Ru.
 10191 | D:7      | Reached skill level 5 in Invocations
 10195 | D:7      | Found a white marble altar of Elyvilon.
 10196 | D:7      | Found a stormy altar of Qazlal.
 10196 | D:7      | Found a hazy altar of Hepliaklqana.
 10199 | D:7      | Found a radiant altar of Vehumet.
 10199 | D:7      | Found a sparkling altar of Nemelex Xobeh.
 10203 | D:7      | Found a glowing golden altar of the Shining One.
 10589 | D:7      | Got a smoking plate armour
 10600 | D:7      | Identified the +9 plate armour "Fuumag" {rPois rF+} (You
                  | found it on level 7 of the Dungeon)
 10678 | D:7      | Reached skill level 6 in Fighting
 11000 | D:8      | Reached XP level 10. HP: 60/76 MP: 11/13
 11162 | D:8      | Noticed Psyche
 11171 | D:8      | Killed Psyche
 11212 | D:8      | Reached skill level 5 in Armour
 12738 | D:9      | Found a staircase to the Lair.
 12840 | D:9      | Reached skill level 5 in Dodging
 12966 | D:9      | Reached **** piety under Okawaru
 13120 | D:9      | Noticed Pikel
 13132 | D:9      | Killed Pikel
 13317 | D:9      | Received a gift from Okawaru
 13377 | D:9      | Found a staircase to the Orcish Mines.
 13622 | D:10     | Entered Level 10 of the Dungeon
 13696 | D:10     | Reached skill level 5 in Axes
 13779 | D:10     | Found Uhefu's Magic Scroll Emporium.
 13786 | D:10     | Bought a scroll of identify for 26 gold pieces
 13786 | D:10     | Bought a scroll of identify for 26 gold pieces
 13786 | D:10     | Bought a scroll of identify for 26 gold pieces
 13801 | D:10     | Found a transporter.
 13803 | D:10     | Noticed Vuvit's ghost (amateur FoAK)
 13807 | D:10     | Identified the +6 dire flail "Min Util" {antimagic, rPois
                  | rC+ MR+ Int-2}
 13807 | D:10     | Noticed a two-headed ogre
 13808 | D:10     | Noticed a two-headed ogre
 13809 | D:10     | Found a transporter.
 13871 | D:10     | Reached skill level 7 in Fighting
 14362 | D:10     | Noticed a gargoyle
 14380 | D:10     | Killed a gargoyle
 14380 | D:10     | Reached XP level 11. HP: 33/84 MP: 12/15
 14645 | D:10     | Received a gift from Okawaru
 14648 | D:10     | Noticed a two-headed ogre
 14659 | D:10     | Killed a two-headed ogre
 15362 | D:11     | Reached skill level 10 in Crossbows
 16222 | D:12     | Noticed a two-headed ogre
 16237 | D:12     | Killed a two-headed ogre
 16237 | D:12     | Reached ***** piety under Okawaru
 16237 | D:12     | Received a gift from Okawaru
 16237 | D:12     | Reached skill level 8 in Fighting
 16976 | D:12     | Gained mutation: You are clumsy. (Dex -2) [mutagenic glow]
 16985 | D:12     | Noticed a white ugly thing
 16993 | D:12     | Killed a red ugly thing
 16993 | D:12     | Received a gift from Okawaru
 17168 | D:12     | Lost mutation: You are clumsy. (Dex -2) [potion of
                  | mutation]
 17168 | D:12     | Gained mutation: Your spells are a little harder to cast,
                  | but a little more powerful. [potion of mutation]
 17168 | D:12     | Gained mutation: Your mind is acute. (Int +2) [potion of
                  | mutation]
 17334 | D:12     | Reached XP level 12. HP: 94/94 MP: 18/18
 17574 | Lair:1   | Entered Level 1 of the Lair of Beasts
 17645 | Lair:1   | Received a gift from Okawaru
 17733 | Lair:1   | Reached skill level 9 in Fighting
 17810 | Lair:1   | Received a gift from Okawaru
 18469 | Lair:1   | Found a runed translucent gate.
 18469 | Lair:1   | Found a runed translucent gate.
 18471 | Lair:1   | Found a runed translucent gate.
 18486 | Lair:1   | Received a gift from Okawaru
 18506 | Lair:1   | Noticed an eight-headed hydra
 18514 | Lair:1   | Killed an eight-headed hydra
 18796 | Lair:1   | Noticed sobakacece's ghost (journeyman SpEn)
 18796 | Lair:1   | Noticed a nine-headed hydra
 18901 | Lair:2   | Noticed a four-headed hydra
 18908 | Lair:2   | Killed a four-headed hydra
 19011 | Lair:2   | Found a staircase to the Snake Pit.
 19012 | Lair:2   | Reached skill level 10 in Fighting
 19852 | Lair:2   | Received a gift from Okawaru
 20039 | Lair:2   | Noticed a seven-headed hydra
 20085 | Lair:2   | Killed a seven-headed hydra
 20085 | Lair:2   | Reached skill level 1 in Polearms
 20085 | Lair:2   | Reached skill level 10 in Armour
 20085 | Lair:2   | Reached XP level 13. HP: 104/104 MP: 13/19
 20155 | Lair:2   | Found a staircase to the Swamp.
 20946 | Lair:3   | Reached skill level 11 in Fighting
 21400 | Lair:3   | Received a gift from Okawaru
 21723 | Lair:3   | Found a runed translucent gate.
 21724 | Lair:3   | Found a runed translucent gate.
 21725 | Lair:3   | Found a runed translucent gate.
 21726 | Lair:3   | Noticed bmj180's ghost (journeyman DrCj)
 21726 | Lair:3   | Noticed Thantalas's ghost (journeyman DsFi)
 22396 | Lair:4   | Reached skill level 5 in Polearms
 22560 | Lair:4   | Reached skill level 12 in Fighting
 23172 | Lair:5   | Received a gift from Okawaru
 23278 | Lair:5   | Found a staircase to the Slime Pits.
 23317 | Lair:5   | Noticed a six-headed hydra
 23321 | Lair:5   | Killed a six-headed hydra
 23378 | Lair:5   | Found a runed translucent door.
 23502 | Lair:5   | Received a gift from Okawaru
 24216 | Lair:5   | Noticed an eight-headed hydra
 24277 | Lair:5   | Killed an eight-headed hydra
 24325 | Lair:6   | Entered Level 6 of the Lair of Beasts
 24337 | Lair:6   | Reached skill level 13 in Fighting
 24463 | Lair:6   | Noticed a seven-headed hydra
 24472 | Lair:6   | Killed a seven-headed hydra
 24472 | Lair:6   | Reached XP level 14. HP: 96/118 MP: 17/20
 25134 | Lair:6   | Received a gift from Okawaru
 25742 | Lair:6   | Received a gift from Okawaru
 25742 | Lair:6   | Reached ****** piety under Okawaru
 25748 | Lair:6   | Reached skill level 14 in Fighting
 25752 | Lair:6   | Got a bloodstained buckler {god gift}
 25758 | Lair:6   | Identified the +0 buckler of the Fifty Mystics {Int+4}
                  | (Okawaru gifted it to you on level 6 of the Lair of Beasts)
 25846 | Lair:6   | Reached skill level 1 in Shields
 26215 | Lair:6   | Found the +3 pair of gauntlets of War {Slay+5}
 26346 | Lair:6   | Got a warped chain mail
 26347 | Lair:6   | Noticed Urug
 26354 | Lair:6   | Killed Urug
 26485 | Lair:6   | Identified the +3 chain mail of Meamosoi {MR+} (You found
                  | it on level 6 of the Lair of Beasts)
 26797 | Orc:1    | Entered Level 1 of the Orcish Mines
 26848 | Orc:2    | Entered Level 2 of the Orcish Mines
 26848 | Orc:2    | Found a gate leading to a gauntlet.
 26853 | Gauntlet | Entered a Gauntlet
 26853 | Gauntlet | Found a transporter.
 26853 | Gauntlet | Found a transporter.
 26859 | Gauntlet | Found a transporter.
 26874 | Gauntlet | Found a transporter.
 26889 | Gauntlet | Found a transporter.
 26889 | Gauntlet | Found a transporter.
 26889 | Gauntlet | Found a transporter.
 26891 | Gauntlet | Found a transporter.
 26891 | Gauntlet | Found a transporter.
 26905 | Gauntlet | Found a transporter.
 26915 | Gauntlet | Noticed a balrug
 26918 | Gauntlet | Found a transporter.
 26928 | Gauntlet | Found a transporter.
 26946 | Gauntlet | Found a transporter.
 26967 | Gauntlet | Found a transporter.
 27078 | Gauntlet | Reached skill level 10 in Polearms
 27090 | Gauntlet | Got a smoking wooden ring
 27096 | Gauntlet | Identified the ring of the Ego {rN+ Stlth-} (You found it
                  | in a Gauntlet)
 27286 | Gauntlet | Noticed a minotaur
 27299 | Gauntlet | Killed a minotaur
 27513 | Orc:2    | Found a staircase to the Elven Halls.
 27520 | Orc:2    | Found Ideriv's Weapon Boutique.
 28208 | Orc:1    | Noticed an orc warlord
 28223 | Orc:1    | Killed an orc warlord
 28223 | Orc:1    | Reached XP level 15. HP: 108/127 MP: 19/21
 28871 | Orc:2    | Received a gift from Okawaru
 28923 | Orc:2    | Found an ancient bone altar of Kikubaaqudgha.
 28923 | Orc:2    | Noticed Nergalle
 28951 | Orc:2    | Killed Nergalle
 28951 | Orc:2    | Received a gift from Okawaru
 28954 | Orc:2    | Got an ivory spear {god gift}
 28957 | Orc:2    | Identified the +4 spear of Huext {venom, rC+} (Okawaru
                  | gifted it to you on level 2 of the Orcish Mines)
 29001 | Orc:2    | Found Zaafiepn's Distillery.
 29009 | Orc:2    | Noticed Erolcha
 29055 | Orc:2    | Killed Erolcha
 29133 | Orc:2    | Found a radiant altar of Vehumet.
 29140 | Orc:2    | Bought a potion of might for 52 gold pieces
 29140 | Orc:2    | Bought a potion of might for 52 gold pieces
 29163 | Orc:2    | Found a roughly hewn altar of Beogh.
 29163 | Orc:2    | Found Palotz's Gadget Shoppe.
 29226 | Orc:2    | Found Neokleoh's Distillery.
 29234 | Orc:2    | Bought a potion of heal wounds for 70 gold pieces
 29234 | Orc:2    | Bought a potion of heal wounds for 70 gold pieces
 29270 | Orc:2    | Found Nekkixih's Antique Weapon Shoppe.
 29648 | Orc:2    | Bought a glowing triple sword for 286 gold pieces
 29651 | Orc:2    | Bought an arbalest for 99 gold pieces
 29940 | D:13     | Noticed Rupert
 29951 | D:13     | Killed Rupert
 30267 | D:13     | Found a portal to a secret trove of treasure.
 30289 | D:13     | Found a runed translucent door.
 30875 | D:13     | Received a gift from Okawaru
 31315 | D:14     | Reached skill level 15 in Fighting
 31333 | D:14     | Noticed an ironheart preserver
 31339 | D:14     | Killed an ironheart preserver
 31341 | D:14     | Found a gate to the Vaults.
 31545 | D:14     | Received a gift from Okawaru
 31549 | D:14     | Reached XP level 16. HP: 125/136 MP: 22/22
 32069 | D:15     | Entered Level 15 of the Dungeon
 32238 | D:15     | Received a gift from Okawaru
 32239 | D:15     | Found a staircase to the Depths.
 32268 | D:15     | Received a gift from Okawaru
 32713 | D:15     | Received a gift from Okawaru
 33510 | Swamp:1  | Entered Level 1 of the Swamp
 33533 | Swamp:1  | Received a gift from Okawaru
 34040 | Swamp:1  | Received a gift from Okawaru
 34238 | Swamp:1  | Noticed Nikola
 34255 | Swamp:1  | Killed Nikola
 34486 | Swamp:1  | Identified Qeyx Cel's Guide on the Compass and the
                  | Entourage
 34979 | Swamp:2  | HP: 1/136 [spiny frog[a spriggan druid] (13)]
 34991 | Swamp:1  | Received a gift from Okawaru
 36443 | Swamp:2  | Reached XP level 17. HP: 120/142 MP: 23/23
 36930 | Swamp:2  | Identified a scroll of acquirement
 36974 | Swamp:3  | Noticed a thorn hunter
 36984 | Swamp:3  | Killed a thorn hunter
 38183 | Swamp:4  | Entered Level 4 of the Swamp
 38193 | Swamp:4  | Received a gift from Okawaru
 38316 | Swamp:4  | Received a gift from Okawaru
 38568 | Swamp:4  | Noticed a thorn hunter
 38571 | Swamp:4  | Reached skill level 10 in Axes
 38574 | Swamp:4  | Killed from afar by a spriggan druid

Illustrated notes

Levels and vault maps discovered:
D:1:      dpeg_arrival_arbitrary_c, layout_loops_ring, minivault_5,
          chequers_jeans, supply_closet_lemuel
D:2:      layout_loops_corners, kennysheep_slug_shrine,
          roderic_cross_of_infinity
D:3:      layout_basic, gammafunk_temple_overflow_elements
D:4:      layout_cave_pools, temple_fountains, first_ration, minmay_rat_hole,
          uniq_natasha, uniq_sigmund, uniq_grinder
D:5:      layout_basic, uniq_eustachio
D:6:      layout_basic, lemuel_old_faithful
D:7:      layout_layer_cave, grunt_temple_overflow_open
D:8:      layout_basic, uniq_psyche
D:9:      layout_gridville, lair_entry_dummy, orc_0_dummy, uniq_pikel
D:10:     layout_layer_cave, gammafunk_ghost_smash, serial_shops, shop_fountains
D:11:     layout_irregular_city
D:12:     layout_loops_cross, hangedman_little_slice_of_home
D:13:     layout_loops_ring, enter_trove_6, minmay_st_funbox, st_stairs_13,
          uniq_rupert
D:14:     layout_rooms, skrybe_vaults_entry_preservation,
          minmay_staircase_bubble, kennysheep_generic_room_6
D:15:     hangedman_depths_entry_civil_slaughter, layout_stronghold
Temple:   jpeg_temple_clearing
Lair:1:   layout_misc_corridors, gammafunk_ghost_hydra_chop
Lair:2:   layout_regular_city, minmay_swamp_entry_reptiles,
          guppyfry_snake_entry_garden, chequers_serial_rivers_micro_a,
          nicolae_quartered_pool_little, minmay_lair_oklob_chamber
Lair:3:   layout_gridlike, special_room [special_room_bee], serial_bayou,
          serial_bayou_pond_a, serial_bayou_pond_d, serial_bayou_lagoon_b,
          serial_bayou_ford_a, gammafunk_ghost_cemetery
Lair:4:   layout_small_grid, beast_lair_carwin_3
Lair:5:   beast_lair_carwin_large_3, layout_gridlike, slime_dummy,
          pf_torpor_hydra, grunt_megastairs_3
Lair:6:   gammafunk_lair_ancient_temple, layout_misc_corridors,
          guppyfry_lair_drakes, uniq_urug
Swamp:1:  layout_basic_swamp, portal_ice_cave_entry_pillars_1,
          evilmike_swamp_ruin_house_6, uniq_nikola
Swamp:2:  layout_falls_marsh, evilmike_swamp_ruin_house_2
Swamp:3:  layout_falls_marsh, hangedman_swamp_lotus, infiniplex_staircase_pool
Swamp:4:  swamp, layout_basic_swamp, swamp_pool5,
          nicolae_swamp_orc_logging_accident
Orc:1:    layout_caves
Orc:2:    kennysheep_orc_mage_school, layout_diamond_mine, serial_shops,
          shop_fountains, gauntlet_entry_generic, roderic_batcave, rock_pile

Skill      XL: |  1  2  3  4  5  6  7  8  9 10 11 12 13 14 15 16 17 |
---------------+----------------------------------------------------+-----
Crossbows      | 3 4 5 6 8 9 10 11 12 13 | 13.0
Fighting       | 2 3 4 5 6 7 8 10 13 14 15 | 15.9
Dodging        | 2 3 4 5 7 8 |  8.7
Armour         | 1 2 3 4 6 7 10 11 12 | 12.5
Invocations    | 1 2 3 5 6 8 |  8.0
Axes           | 1 2 3 5 6 8 10 | 10.0
Polearms       | 1 7 10 11 13 | 13.0
Shields        | 2 3 |  3.2
Spellcasting   | |  1.1
Hexes          | |  3.6

Action                   |  1- 3 |  4- 6 |  7- 9 | 10-12 | 13-15 | 16-18 || total
-------------------------+-------+-------+-------+-------+-------+-------++-------
Melee: Dagger            |    81 |    56 |       |       |       |       ||   137
       Whip              |       |    77 |       |       |       |       ||    77
       War axe           |       |    24 |   297 |   435 |       |       ||   756
       Mace              |       |       |    64 |       |       |       ||    64
       Punch             |       |       |     1 |     2 |     2 |       ||     5
       Demon trident     |       |       |       |    11 |   904 |   398 ||  1313
       Executioner's axe |       |       |       |       |       |    53 ||    53
 Fire: Hand crossbow     |    49 |    81 |    86 |   343 |    45 |       ||   604
       Arbalest          |       |       |       |       |       |   150 ||   150
Invok: Heroism           |       |       |     9 |    17 |    28 |    13 ||    67
       Finesse           |       |       |       |     4 |     7 |     4 ||    15
 Abil: Dig               |       |       |     1 |     7 |    11 |     1 ||    20
Evoke: Tin of tremorston |       |       |       |     3 |     2 |       ||     5
       Wand              |       |       |       |     2 |     3 |     3 ||     8
  Use: Scroll            |     2 |     8 |     5 |    10 |     4 |     7 ||    36
       Potion            |       |       |     4 |     1 |       |     9 ||    14
 Stab: Confused          |       |       |       |       |       |     2 ||     2
  Eat: Chunk             |     4 |    11 |    14 |    14 |    31 |    13 ||    87
       Ration            |       |       |     1 |     6 |     2 |     3 ||    12
Armor: Robe              |    14 |       |       |       |       |       ||    14
       Leather armour    |     2 |    35 |       |       |       |       ||    37
       Chain mail        |       |    38 |   237 |       |       |       ||   275
       Plate armour      |       |       |    12 |   453 |   408 |   363 ||  1236
Dodge: Dodged            |    55 |   106 |   185 |   232 |   272 |   217 ||  1067
       Repelled          |       |       |       |       |    11 |       ||    11
Block: Buckler           |       |       |       |       |    49 |    60 ||   109
       Kite shield       |       |       |       |       |       |    38 ||    38

Table legend:
 A = Non-vault XP
 B = Vault XP
 C = Vault XP percentage of total XP
 D = Non-vault monster count
 E = Vault monster count
 F = Vault count percentage of total count
                 A         B        C        D         E       F
            +---------+---------+-------+---------+---------+-------
      Total |  118651 |   69996 |  37.1 |     623 |     215 |  25.7
            +---------+---------+-------+---------+---------+-------
        D:1 |      35 |       0 |   0.0 |      19 |       0 |   0.0
        D:2 |      49 |       4 |   7.5 |      21 |       1 |   4.5
        D:3 |     175 |       0 |   0.0 |      29 |       0 |   0.0
        D:4 |     578 |     554 |  48.9 |      23 |      22 |  48.9
        D:5 |     592 |     202 |  25.4 |      23 |       1 |   4.2
        D:6 |    1092 |       0 |   0.0 |      33 |       0 |   0.0
        D:7 |     650 |       0 |   0.0 |      12 |       0 |   0.0
        D:8 |    1166 |     418 |  26.4 |      27 |       1 |   3.6
        D:9 |     953 |     651 |  40.6 |      15 |       1 |   6.2
       D:10 |    2364 |       0 |   0.0 |      14 |       0 |   0.0
       D:11 |    1309 |       0 |   0.0 |      16 |       0 |   0.0
       D:12 |    4257 |     432 |   9.2 |      22 |       9 |  29.0
       D:13 |    3819 |    9246 |  70.8 |      13 |      11 |  45.8
       D:14 |    6835 |    6339 |  48.1 |      22 |      12 |  35.3
       D:15 |   10781 |    5447 |  33.6 |      32 |       6 |  15.8
     Lair:1 |    5470 |       0 |   0.0 |      24 |       0 |   0.0
     Lair:2 |    3202 |    4020 |  55.7 |      11 |      11 |  50.0
     Lair:3 |    2358 |    1831 |  43.7 |      15 |      26 |  63.4
     Lair:4 |    1645 |    1955 |  54.3 |      11 |       6 |  35.3
     Lair:5 |     909 |    8008 |  89.8 |       3 |      15 |  83.3
     Lair:6 |    9410 |   10312 |  52.3 |      24 |      29 |  54.7
    Swamp:1 |   10936 |    3889 |  26.2 |      35 |       1 |   2.8
    Swamp:2 |   16556 |       0 |   0.0 |      43 |       0 |   0.0
    Swamp:3 |   15632 |       0 |   0.0 |      32 |       0 |   0.0
    Swamp:4 |   11370 |    4860 |  29.9 |      29 |       8 |  21.6
      Orc:1 |    4329 |       0 |   0.0 |      35 |       0 |   0.0
      Orc:2 |    2179 |    8135 |  78.9 |      40 |      47 |  54.0
   Gauntlet |       0 |    3693 | 100.0 |       0 |       8 | 100.0
            +---------+---------+-------+---------+---------+-------
